 Dungeon Crawl Stone Soup version 0.32-a0-571-gec57dfcd37 (webtiles) character file.

Game seed: 4710330342421053864

1535919 Drazool the Invulnerable (level 26, 139/261 HPs)
             Began as a Mountain Dwarf Fighter on Feb 28, 2024.
             Was the Champion of Ru.
             Escaped with the Orb
             ... and 3 runes on Mar 1, 2024!
             The game lasted 06:21:05 (83111 turns).

Drazool the Invulnerable (Mountain Dwarf Fighter)  Turns: 83111, Time: 06:21:05

Health: 139/261    AC: 52    Str: 33      XL:     26   Next: 43%
Magic:  37/37      EV:  8    Int: 18      God:    Ru [******]
Gold:   5579       SH:  0    Dex: 14 (15) Spells: 26/45 levels left

rFire   + + +        b - +7 great mace (heavy)
rCold   . . .        (shield currently unavailable)
rNeg    + . .        k - +9 gold dragon scales
rPois   +            l - +2 helmet
rElec   .            Y - +4 dragonskin cloak
rCorr   .            D - +2 pair of gloves
SInv    .            s - +2 pair of boots
Will    ++++.        X - amulet "Lifitemo" {rF++ Regen+ Str+2 Int+2} Stlth
                     P - ring of Jauzxer {rPois rN+ Will+ AC+4}
HPRegen 0.00/turn    Z - ring "Dipasick" {rC- Str+3 Int+6 Dex+2 Slay+3}
MPRegen 0.25/turn

%: random rage (3%)
@: on berserk cooldown, inhibited regen, hasted and slowed, studying Invocations
A: hated by all, cowardly, inability to train dodging, no ice magic, no
necromancy magic, no alchemy magic, unskilled 1, runic magic, artefact
enchanting, agile 1, berserk 1, deformed body, deterioration 2, strong-willed 1,
inhibited regeneration, no potion heal 1, persistent drain
0: Orb of Zot
}: 3/15 runes: serpentine, barnacled, silver
a: Renounce Religion, Draw Out Power, Power Leap, Apocalypse


You escaped.
You worshipped Ru.
Ru was exalted by your worship.
You visited 10 branches of the dungeon, and saw 48 of its levels.
You also visited: Gauntlet and Ice Cave.

You collected 8761 gold pieces.
You spent 3182 gold pieces at shops.


Innate Abilities, Weirdness & Mutations

You are hated by all.
Your cowardice makes you less effective in combat with threatening foes.
You cannot train Dodging skill.
You cannot study or cast Ice magic.
You cannot study or cast Necromancy magic.
You cannot study or cast Alchemy magic.
You are somewhat unskilled. (-1 Apt)
Your spellcasting is much less encumbered by armour.
You can use scrolls of enchantment on lesser artefacts.
You are agile. (Dex +4, Str/Int -1)
You sometimes lose your temper in combat.
Armour fits poorly on your strangely shaped body.
Your body often deteriorates upon taking damage.
You are strong-willed. (Will+)
You do not regenerate when monsters are visible.
Potions are less effective at restoring your health.
Your health recovers twice as slowly from being drained.


   Skills:
 + Level 26.2 Fighting
 - Level 14.7(18.4) Axes
 - Level 18.0(20.0) Maces & Flails
 - Level 5.0 Throwing
 O Level 27 Armour
 - Level 2.6 Stealth
 - Level 4.5 Shields
 - Level 10.4 Spellcasting
 - Level 13.2 Translocations
 - Level 5.0 Air Magic
 - Level 7.0 Evocations


You had 26 spell levels left.
You knew the following spells:

 Your Spells              Type           Power      Damage    Failure   Level
a - Apportation           Tloc           100%       N/A       1%          1
m - Manifold Assault      Tloc           55%        N/A       1%          4
u - Passage of Golubria   Tloc           55%        N/A       1%          4
z - Vhi's Electric Charg  Tloc/Air       84%        N/A       2%          4
B - Blink                 Tloc           100%       N/A       1%          2
Y - Iskenderun's Mystic   Conj/Tloc      33%        2d8       7%          4

Your spell library contained the following spells:

 Spells                   Type           Power      Damage    Failure   Level
 Lesser Beckoning         Tloc           100%       N/A       1%          2
 Gell's Gravitas          Tloc           55%        N/A       1%          3
 Teleport Other           Tloc           55%        N/A       1%          3
 Volatile Blastmotes      Fire/Tloc      66%        2d15      2%          3
 Shock                    Conj/Air       72%        1d7       4%          1
 Swiftness                Air            27%        N/A       4%          3
 Magic Dart               Conj           36%        1d4       11%         1
 Sandblast                Erth           18%        2d7       11%         1
 Airstrike                Air            13%        2d(2-18)  14%         4
 Jinxbite                 Hex            18%        N/A       17%         2
 Scorch                   Fire           18%        2d5       17%         2
 Dazzling Flash           Conj/Hex       18%        N/A       32%         3
 Passwall                 Erth           9%         N/A       32%         3
 Stone Arrow              Conj/Erth      18%        3d8       32%         3
 Brom's Barrelling Bould  Conj/Erth      9%         2d3       73%         4
 Cause Fear               Hex            4%         N/A       73%         4
 Flame Wave               Conj/Fire      9%         2d6       73%         4
 Arcjolt                  Conj/Air       9%         1d19      73%         5
 Silence                  Hex/Air        9%         N/A       73%         5
 Fireball                 Conj/Fire      4%         3d4       97%         5
 Disjunction              Tloc           27%        N/A       97%         8
 Conjure Ball Lightning   Conj/Air       9%         3x3d6     99%         6
 Starburst                Conj/Fire      4%         6d4       100%        6
 Enfeeble                 Hex            4%         N/A       100%        7
 Discord                  Hex            4%         N/A       100%        8
 Ignition                 Fire           4%         3d4       100%        8
 Lehudib's Crystal Spear  Conj/Erth      4%         10d3      100%        8
 Maxwell's Capacitive Co  Air            13%        ∞         100%        8
 Kiss of Death            Conj/Necr      Unusable   2d8       N/A         1
 Call Imp                 Summ           Unusable   N/A       N/A         2
 Mephitic Cloud           Conj/Alch/Air  Unusable   N/A       N/A         3
 Fugue of the Fallen      Necr           Unusable   N/A       N/A         3
 Ozocubu's Armour         Ice            Unusable   N/A       N/A         3
 Tukima's Dance           Hex            Unusable   N/A       N/A         3
 Anguish                  Hex/Necr       Unusable   N/A       N/A         4
 Animate Dead             Necr           Unusable   N/A       N/A         4
 Fulminant Prism          Conj/Alch      Unusable   3d5       N/A         4
 Alistair's Intoxication  Alch           Unusable   N/A       N/A         5
 Borgnjor's Vile Clutch   Necr/Erth      Unusable   N/A       N/A         5
 Curse of Agony           Necr           Unusable   N/A       N/A         5
 Yara's Violent Unravell  Hex/Alch       Unusable   3d4       N/A         5
 Summon Cactus Giant      Summ           Unusable   N/A       N/A         6

Inventory:

Hand Weapons
 a - the +7 great mace "Firestarter" {flame, immolate, rFlCloud rF++}
   (You found it in an ice cave)

   rFlCloud:  It grants immunity to clouds of flame.
   rF++:      It greatly protects you from fire.
 b - a +7 heavy great mace (weapon)
Missiles
 n - 26 silver javelins
 u - 5 curare-tipped darts {=f}
 O - 7 throwing nets {=f}
Armour
 k - +9 gold dragon scales (worn)
 l - a +2 helmet (worn)
 s - a +2 pair of boots (worn)
 D - a +2 pair of gloves (worn)
 Y - the +4 dragonskin cloak (worn)
   (You took it off Tiamat on level 1 of the Realm of Zot)

   Avatar's Aegis: It grants the wearer a chance to resist fire, cold, poison,
   electricity, acid, and negative energy.
Jewellery
 v - a ring of see invisible
 L - a ring of flight
 P - the ring of Jauzxer (left hand) {rPois rN+ Will+ AC+4}
   (You found it on level 15 of the Dungeon)

   [ring of protection]

   AC+4:      It affects your AC (+4).
   rPois:     It protects you from poison rN+: It protects you from negative
   energy.
   Will+:     It increases your willpower.
 R - a ring of resist corrosion
 T - a +4 ring of protection
 X - the amulet "Lifitemo" (around neck) {rF++ Regen+ Str+2 Int+2}
   (You found it in an ice cave)

   [amulet of regeneration]

   Str+2:     It affects your strength (+2).
   Int+2:     It affects your intelligence (+2).
   rF++:      It greatly protects you from fire.
   Regen+:    It increases your rate of health regeneration.
 Z - the ring "Dipasick" (right hand) {rC- Str+3 Int+6 Dex+2 Slay+3}
   (You found it on level 15 of the Dungeon)

   [ring of intelligence]

   Str+3:     It affects your strength (+3).
   Int+6:     It affects your intelligence (+6).
   Dex+2:     It affects your dexterity (+2).
   Slay+3:    It affects your accuracy & damage with ranged weapons and melee
   (+3).
   rC-:       It makes you vulnerable to cold.
Wands
 c - a wand of mindburst (31)
 q - a wand of warping (29)
 t - a wand of polymorph (28)
 F - a wand of digging (2)
 G - a wand of flame (51)
 H - a wand of acid (35)
Scrolls
 f - 16 scrolls of teleportation {@r2}
 g - 15 scrolls of vulnerability
 o - 9 scrolls of fear
 x - 7 scrolls of amnesia
 C - a scroll of brand weapon
 E - 2 scrolls of poison
 I - 2 scrolls of blinking
 J - 8 scrolls of immolation
 K - 13 scrolls of fog
 N - 3 scrolls of silence {!r}
 S - a scroll of revelation
Potions
 d - 3 potions of might
 e - 3 potions of haste {@q3}
 h - 10 potions of brilliance
 j - 3 potions of invisibility
 m - 17 potions of attraction
 p - 3 potions of berserk rage {!q}
 r - 7 potions of resistance
 w - 21 potions of heal wounds {@q2}
 z - a potion of mutation
 A - 9 potions of lignification
 B - 4 potions of cancellation
 M - 10 potions of enlightenment
 U - 2 potions of magic
 V - a potion of ambrosia
 W - 15 potions of curing {@q1}
Miscellaneous
 i - a lightning rod (4/4)
 y - a phial of floods
 Q - a condenser vane

Dungeon Overview and Level Annotations

Branches:
Dungeon (15/15)            Temple (1/1) D:4            Lair (5/5) D:11
 Shoals (4/4) Lair:3        Snake (4/4) Lair:3        Slime (0/5) Lair:5
    Orc (2/2) D:12            Elf (3/3) Orc:2        Vaults (5/5) D:14
  Crypt (0/3) Vaults:2     Depths (4/4) D:15            Zot (5/5) Depths:4
  IceCv (visited)         Gauntlet (visited)

Altars:
Ashenzari
Cheibriados
Dithmenos
Elyvilon
Gozag
Kikubaaqudgha
Makhleb
Nemelex Xobeh
Okawaru
Qazlal
Ru
Sif Muna
Trog
Uskayaw
Vehumet
Wu Jian
Xom
Zin
The Shining One

Shops:
D:4 [   Orc:2 *:*?*=(=[*   Elf:1 :=:   Shoals:3 (   Vaults:2 [   Vaults:5 ?
Depths:1 !   Depths:3 *

Portals:
Hell: Depths:1 Depths:2 Depths:3 Depths:4
Abyss: Depths:3
Pandemonium: Depths:2
Ziggurat: Depths:1
Trove: D:12 (give 13 scrolls of teleportation)

Annotations:
D:9 3 runed translucent doors, 2 transporters, zenocrate's ghost, novice MiHu
D:10 exclusions: death knight and 2 more exclusions
Snake:1 Roxanne
Elf:2 3 runed translucent doors
Vaults:1 36 runed translucent doors
Depths:1 1 transporter
Abyss:1 Louise

##### #.@.##
###...##
#>##...#
#~.#...##
#≈.##...#
#≈≈.#...##
#≈~~##..1####
#≈~~~'...'..#
#≈~~##...##1#


You could see a Brimstone Fiend.


Message History

The Hell Sentinel is heavily wounded.
The Hell Sentinel is stunned by your conviction and fails to attack.
You bludgeon the Hell Sentinel!!
The Hell Sentinel is heavily wounded.
The Hell Sentinel hits you.
The Hell Sentinel hits you but does no damage.
A red film seems to cover your vision as you go berserk!
You feel yourself moving faster!
You feel mighty!
You crush the Hell Sentinel like a grape!!!
The Hell Sentinel is almost dead.
The Hell Sentinel gestures at you. The iron shot hits you!!!
Your body deteriorates!
You feel clumsy.
You focus your inner power and paralyse the Hell Sentinel in retribution!
The helpless Hell Sentinel fails to defend itself.
You hammer the Hell Sentinel like a gong!!!!!
You kill the Hell Sentinel!
You feel a strong urge to attack something.
You feel your anger nearly subside.
You are no longer berserk.
You are exhausted.
You feel yourself slow down.
You feel yourself speed up.
You see here a +0 short sword.
Magic restored.
There is an open door here.
A Brimstone Fiend comes into view.
The Brimstone Fiend calls on the powers of darkness!
Your body is wracked with pain!
There is a staircase leading out of the dungeon here.
You have escaped!

Skill      XL: |  1  2  3  4  5  6  7  8  9 10 11 12 13 14 15 16 17 18 19 20 21 22 23 24 25 26 |
---------------+-------------------------------------------------------------------------------+-----
Axes           | 3 4 5 6 7 9 11 13 16 14 | 14.7
Fighting       | 5 7 10 10 11 13 14 17 19 20 21 24 26 | 26.2
Armour         | 5 9 8 10 11 14 16 18 20 24 26 27 | 27.0
Shields        | 5 4 |  4.5
Throwing       | 3 4 3 4 5 |  5.0
Evocations     | 3 2 7 |  7.0
Stealth        | 3 2 |  2.6
Maces & Flails | 4 11 16 18 | 18.0
Translocations | 2 8 9 13 | 13.2
Spellcasting   | 4 7 8 10 | 10.4
Air Magic      | 1 5 |  5.0

Action                     |  1- 3 |  4- 6 |  7- 9 | 10-12 | 13-15 | 16-18 | 19-21 | 22-24 | 25-27 || total
---------------------------+-------+-------+-------+-------+-------+-------+-------+-------+-------++-------
  Melee: War axe           |   113 |   167 |   374 |   385 |       |       |       |       |       ||  1039
         Dire flail        |       |       |       |   203 |       |       |       |       |       ||   203
         Great mace        |       |       |       |    76 |   621 |  1300 |  1340 |  1427 |   651 ||  5415
  Throw: Boomerang         |       |     4 |    39 |    16 |    16 |    15 |     2 |       |       ||    92
         Throwing net      |       |       |     1 |     5 |       |       |       |       |       ||     6
         Dart              |       |       |       |     6 |       |       |       |       |       ||     6
   Cast: Manifold Assault  |       |       |       |       |       |   531 |   525 |   426 |   191 ||  1673
         Vhi's Electric Ch |       |       |       |       |       |       |       |    23 |    50 ||    73
         Passage of Golubr |       |       |       |       |       |       |       |       |     4 ||     4
 Invoke: Sacrifice Love    |       |     1 |       |       |       |       |       |       |       ||     1
         Sacrifice Arcana  |       |       |     1 |       |       |       |       |       |       ||     1
         Draw Out Power    |       |       |       |     2 |       |       |       |       |       ||     2
         Power Leap        |       |       |       |     1 |     2 |       |       |       |       ||     3
         Sacrifice Courage |       |       |       |     1 |       |       |       |       |       ||     1
         Apocalypse        |       |       |       |     1 |     9 |     4 |     1 |     9 |     1 ||    25
         Sacrifice Skill   |       |       |       |     1 |       |       |       |       |       ||     1
         Reject Sacrifices |       |       |       |       |       |     1 |       |       |       ||     1
         Sacrifice Nimblen |       |       |       |       |       |       |     1 |       |       ||     1
  Evoke: Wand              |       |     4 |    10 |    17 |     3 |     8 |     2 |     3 |     2 ||    49
    Use: Scroll            |       |     7 |    11 |     6 |    13 |     7 |     1 |    25 |     4 ||    74
         Potion            |       |       |     1 |     2 |       |     2 |     2 |    13 |    18 ||    38
   Stab: Held in net/web   |       |       |       |     1 |       |       |       |       |       ||     1
         Distracted        |       |       |       |     2 |     2 |     1 |     3 |     2 |     2 ||    12
         Invisible         |       |       |       |     2 |     3 |       |     4 |     9 |     5 ||    23
         Paralysed         |       |       |       |     2 |    10 |     2 |     5 |     6 |     1 ||    26
         Confused          |       |       |       |       |       |       |     4 |     3 |       ||     7
         Petrified         |       |       |       |       |       |       |       |     3 |       ||     3
 Armour: Scale mail        |    70 |   105 |   237 |   365 |       |       |       |       |       ||   777
         Ice dragon scales |       |       |       |    83 |   614 |   757 |   535 |       |       ||  1989
         Plate armour      |       |       |       |       |       |       |    61 |   564 |       ||   625
         Gold dragon scale |       |       |       |       |       |       |       |   395 |   545 ||   940
  Dodge: Dodged            |    54 |    53 |   123 |   214 |   177 |   218 |   161 |   186 |   109 ||  1295
  Block: Buckler           |    24 |    45 |   104 |    77 |       |       |       |       |       ||   250

Levels and vault maps discovered:
D:1:      evilmike_arrival_crescent, layout_rooms, hangedman_decor_push
D:2:      layout_loops_ring, uniq_robin, uniq_natasha
D:3:      layout_loops_ring, lemuel_crystal_altar
D:4:      layout_cave_pools, minmay_temple_entry_nine_rooms, serial_forest,
          infiniplex_forest_clump_curved, infiniplex_forest_end_2,
          infiniplex_forest_clump_C, infiniplex_forest_lined_room_,
          infiniplex_forest_lined_3, infiniplex_forest_fountain,
          infiniplex_forest_clump_cross, serial_shops, nicolae_shop_tiny_glass,
          minmay_pentangle
D:5:      layout_cave_pools, gammafunk_ghost_necromancy, kennysheep_small_circle
D:6:      layout_cave_pools, elyvilon_altar_5, serial_bayou_pond_b
D:7:      layout_cave_pods, minmay_misc_feat_room, corner_web_ring,
          uniq_jeremiah
D:8:      layout_loops_ring, old_standard_altar
D:9:      layout_roguey, nzn_hepliaklqana_mist_gate, zin_angel,
          grunt_temple_overflow_cloverleaf, mainiacjoe_overflow_swirl,
          gammafunk_ghost_icy, nicolae_diode_stairs
D:10:     layout_roguey, general_overflow_altar, minmay_misc_feat_square
D:11:     layout_basic, erik_lair_island, nzn_wu_jian_contemplation
D:12:     layout_cross, serial_rivers, chequers_serial_rivers_micro_a,
          chequers_serial_rivers_room_b, chequers_serial_rivers_micro_a,
          chequers_serial_rivers_micro_e, nicolae_trove_entry_crystal
D:13:     layout_basic, gauntlet_entry_generic, minmay_liquid_box
D:14:     layout_irregular_city, hellmonk_vaults_keyhole, abandoned_shop
D:15:     hangedman_spin_cycle, uniq_louise
Temple:   nicolae_temple_bog_church
Lair:1:   layout_big_grid, uniq_fannar
Lair:2:   layout_regular_city
Lair:3:   layout_chaotic_city, minmay_shoals_entry_hut,
          minmay_snake_entry_six_corridors, portal_ice_cave_demonic_guard,
          serial_bayou_shore_b
Lair:4:   dreamdust_cave_troll, layout_regular_city, grunt_megastairs_5,
          serial_bayou_shore_b
Lair:5:   gammafunk_lair_ancient_temple, layout_cave_shapes,
          nicolae_slime_entry_slimehenge, lemuel_fruit_tree
Shoals:1: layout_shoals, regret_index_shoals_crete, uniq_kirke
Shoals:2: layout_shoals, nicolae_shoals_lost_giant_amphitheater
Shoals:3: layout_shoals, nicolae_shop_firing_range
Shoals:4: shoals_end_hellmonk_storm_palace [storm_palace_center_circular,
          storm_palace_corner_reverse_hut, storm_palace_corner_grid,
          storm_palace_corner_narrow, storm_palace_corner_altar]
Snake:1:  layout_chambers, uniq_aizul, uniq_roxanne
Snake:2:  layout_chambers
Snake:3:  layout_chambers, nicolae_snake_salamander_zone
Snake:4:  johnstein_snake_rune_scales, layout_cave_town, uniq_vashnia
Orc:1:    layout_diamond_mine, led_sif_book
Orc:2:    hellmonk_orc_salted, layout_caves, special_room, serial_shops, shop,
          shop, nicolae_shop_statue_plus, shop, nicolae_shop_window_shopping,
          nicolae_shop_overcharged_wands, uniq_saint_roka
Elf:1:    eino_elf_arrival_the_gate, layout_gridlike, basic_altar,
          hangedman_elven_crosses_minicolossus, hangedman_decor_cross_pass,
          minmay_shop_grove, uniq_zenata
Elf:2:    nicolae_elf_blades_crystal_corner, layout_gridlike, minmay_elf_sorcery
Elf:3:    minmay_elf_hall_four_x, layout_geoelf_castle, basic_altar,
          dreamdust_deal_with_the_devil
Vaults:1: portal_desolation_entry_nicolae_nacl, door_vault,
          nicolae_vaults_hexular_roomagon, ontoclasm_vaults_twist,
          vaults_mumra_lcd, hangedman_vaults_cutoff,
          nicolae_vaults_border_crossing, v_misc_24, nicolae_vaults_alarming,
          nicolae_vaults_trapezoid_3, hangedman_vaults_variations,
          nicolae_vaults_house_1, v_alt_pattern_1,
          nicolae_vaults_closet_pinwheel_1, vaults_mumra_chevron_long,
          layout_vaults_maze_bifur, uniq_donald
Vaults:2: minmay_crypt_entry_simple_statues, v_misc_16,
          nicolae_vaults_security_offices_1,
          nicolae_vaults_variable_pillar_hall_cross, v_misc_30,
          vaults_room_grid, grunt_vaults_swirl, nicolae_vaults_network_star,
          v_alt_pattern_6, ontoclasm_vaults_pinch, nicolae_vaults_weapon_check,
          nicolae_vaults_oval_intersection, nicolae_vaults_diamond_1,
          nicolae_vaults_diamond_1, layout_vaults_omnicross, serial_shops,
          shop_statue, uniq_nikola
Vaults:3: nicolae_vaults_tetromino_L_2, v_alt_pattern_4, v_misc_16, v_misc_24,
          nicolae_vaults_corpse_flower, nicolae_vaults_closet_pinwheel_3,
          nicolae_vaults_network_periphery, ontoclasm_vaults_eye,
          nicolae_vaults_meiosis, v_rooms_5, v_misc_2,
          nicolae_vaults_trapezoid_layered, hangedman_vaults_stretched_pinwheel,
          layout_vaults_omnibox
Vaults:4: nicolae_vaults_offset_grid_hallway_1, nicolae_vaults_know_your_exits,
          nicolae_vaults_offset_grid_hallway_3, nicolae_vaults_octothorpe,
          nicolae_vaults_house_1, nicolae_vaults_six-pack,
          ontoclasm_vaults_shuriken, ontoclasm_vaults_hangar,
          nicolae_vaults_oval_intersection, nicolae_vaults_yaktaur_gun_rack,
          layout_vaults_quadrants
Vaults:5
Depths:1: layout_gridville, enter_ziggurat_e, nicolae_tricolors, serial_shops,
          shop, hell_entry, nicolae_diode_quadrants
Depths:2: minmay_the_grid_3x3 [minmay_the_grid_artifice,
          minmay_the_grid_tiny_cups, minmay_the_grid_holed_spiral,
          minmay_the_grid_odd_star, minmay_the_grid_tree,
          minmay_the_grid_all_tris, minmay_the_grid_slots,
          minmay_the_grid_garden, minmay_the_grid_prize_inner_circle],
          layout_cave_pools, rand_demon_pan_entry_9, grunt_hell_entry_dis_mu
Depths:3: gammafunk_depths_water_palace, layout_basic, hell_entry,
          grunt_gozag_breadcrumbs, abyss_entry, serial_shops,
          nicolae_shop_tiny_glass
Depths:4: evilmike_zot_entry_hall, layout_cave_pools, bh_walls_and_bars,
          hangedman_coc_ice_floe
Zot:1:    lemuel_firehouse, layout_onion, regret_index_zotdec_glowing_original,
          bh_zot_lava_cross, uniq_tiamat
Zot:2:    layout_onion, regret_index_zotdec_serpentine_scales, zot_minivault_6
Zot:3:    nicolae_zot_draconian_monastery, layout_basic,
          regret_index_zotdec_decaying_vile, bh_zot_levy_curve
Zot:4:    layout_misc_corridors
Zot:5:    layout_misc_corridors

Notes
Turn   | Place    | Note
-------+----------+-------------------------------------------
     0 | D:1      | Drazool the Mountain Dwarf Fighter began the quest for the
                  | Orb.
     0 | D:1      | Reached XP level 1. HP: 19/19 MP: 1/1
    81 | D:1      | Reached skill level 3 in Axes
   113 | D:1      | Reached XP level 2. HP: 26/26 MP: 2/2
   559 | D:2      | Noticed Natasha
   563 | D:2      | HP: 1/26 [Natasha (4)]
   568 | D:2      | Killed Natasha
   569 | D:2      | Reached skill level 4 in Axes
   569 | D:2      | Reached XP level 3. HP: 3/31 MP: 3/3
   873 | D:2      | Noticed Robin
   874 | D:2      | Reached skill level 5 in Axes
   912 | D:2      | Killed Robin
   913 | D:2      | Reached XP level 4. HP: 29/38 MP: 4/4
  1073 | D:2      | Noticed Natasha
  1085 | D:2      | Killed Natasha
  1336 | D:2      | Noticed Natasha
  1361 | D:2      | Killed Natasha
  1362 | D:2      | Reached skill level 6 in Axes
  1545 | D:3      | Found a sacrificial altar of Ru.
  1553 | D:3      | Reached XP level 5. HP: 45/45 MP: 5/5
  1557 | D:3      | Became a worshipper of Ru the Awakened
  1856 | D:3      | Reached skill level 7 in Axes
  2592 | D:4      | Found Farphub's Armour Shop.
  2705 | D:4      | Reached XP level 6. HP: 51/51 MP: 6/6
  2727 | D:4      | Reached skill level 8 in Axes
  2791 | D:4      | Gained mutation: You are hated by all. [Ru sacrifice]
  2791 | D:4      | Reached * piety under Ru
  2791 | D:4      | Reached ** piety under Ru
  2964 | D:4      | Reached skill level 9 in Axes
  3162 | D:4      | Found a staircase to the Ecumenical Temple.
  3309 | Temple   | Entered the Ecumenical Temple
  3357 | D:5      | Entered Level 5 of the Dungeon
  3364 | D:5      | Reached XP level 7. HP: 50/57 MP: 7/7
  3448 | D:5      | Reached skill level 10 in Axes
  3743 | D:5      | Found a runed translucent gate.
  3744 | D:5      | Found a runed translucent gate.
  3745 | D:5      | Found a runed translucent gate.
  3759 | D:5      | Reached skill level 11 in Axes
  3775 | D:5      | Noticed Dynojp's ghost (amateur GnDe)
  3788 | D:5      | Reached XP level 8. HP: 63/63 MP: 8/8
  4242 | D:6      | Reached skill level 4 in Fighting
  4242 | D:6      | Reached skill level 4 in Armour
  4497 | D:6      | Reached skill level 5 in Fighting
  4497 | D:6      | Reached skill level 5 in Armour
  4580 | D:6      | Reached skill level 4 in Shields
  4625 | D:6      | Found a white marble altar of Elyvilon.
  4895 | D:7      | Identified a +0 robe of resistance
  4908 | D:7      | Reached skill level 5 in Shields
  4908 | D:7      | Reached skill level 1 in Throwing
  4954 | D:7      | Reached skill level 2 in Throwing
  5008 | D:7      | Noticed Jeremiah
  5036 | D:7      | Killed Jeremiah
  5037 | D:7      | Reached skill level 3 in Throwing
  5037 | D:7      | Reached XP level 9. HP: 45/74 MP: 9/9
  5168 | D:7      | Reached skill level 4 in Throwing
  5168 | D:7      | Reached skill level 1 in Evocations
  5209 | D:7      | Reached skill level 2 in Evocations
  5347 | D:7      | Reached skill level 3 in Evocations
  5347 | D:7      | Reached skill level 1 in Stealth
  5478 | D:7      | Reached skill level 2 in Stealth
  5776 | D:8      | Reached skill level 3 in Stealth
  5957 | D:8      | Reached skill level 12 in Axes
  6337 | D:8      | Found a shadowy altar of Dithmenos.
  6707 | D:8      | Reached skill level 13 in Axes
  6733 | D:8      | Gained mutation: You cannot study or cast Ice magic. [Ru
                  | sacrifice]
  6733 | D:8      | Gained mutation: You cannot study or cast Alchemy magic.
                  | [Ru sacrifice]
  6733 | D:8      | Gained mutation: You cannot study or cast Necromancy magic.
                  | [Ru sacrifice]
  6733 | D:8      | Reached *** piety under Ru
  6791 | D:9      | Reached XP level 10. HP: 80/81 MP: 10/10
  6820 | D:9      | Found a runed translucent gate.
  6821 | D:9      | Found a runed translucent gate.
  6821 | D:9      | Found a runed translucent gate.
  6981 | D:9      | Noticed zenocrate's ghost (novice MiHu)
  6993 | D:9      | Found a glowing silver altar of Zin.
  6993 | D:9      | Noticed an angel
  7023 | D:9      | Found a burning altar of Makhleb.
  7129 | D:9      | Found an iron altar of Okawaru.
  7130 | D:9      | Found a sparkling altar of Nemelex Xobeh.
  7133 | D:9      | Identified the orb of Qacoishash {mayhem, rCorr}
  7137 | D:9      | Found a hide-covered altar of Uskayaw.
  7159 | D:9      | Found a transporter.
  7252 | D:9      | Found a snail-covered altar of Cheibriados.
  7484 | D:9      | Found a transporter.
  7574 | D:10     | Entered Level 10 of the Dungeon
  7615 | D:10     | Noticed a boulder beetle
  7664 | D:10     | Killed a boulder beetle
  7665 | D:10     | Reached skill level 14 in Axes
  7928 | D:10     | Noticed a death knight
  8311 | D:10     | Found a glowing golden altar of the Shining One.
  8376 | D:11     | Noticed a two-headed ogre
  8384 | D:11     | Killed a two-headed ogre
  8385 | D:11     | Reached skill level 15 in Axes
  8475 | D:11     | Noticed a gargoyle
  8511 | D:11     | Killed a gargoyle
  8515 | D:11     | Found a staircase to the Lair.
  8601 | D:11     | Noticed a gargoyle
  8610 | D:11     | Killed a gargoyle
  8611 | D:11     | Reached skill level 16 in Axes
  8659 | D:11     | Noticed a two-headed ogre
  8699 | D:11     | Killed a two-headed ogre
  8700 | D:11     | Reached skill level 6 in Fighting
  8845 | D:11     | Reached skill level 7 in Fighting
  8845 | D:11     | Reached XP level 11. HP: 87/92 MP: 11/11
  8903 | D:11     | Found an ornate altar of the Wu Jian Council.
  8946 | D:11     | Gained mutation: Your cowardice makes you less effective in
                  | combat with threatening foes. [Ru sacrifice]
  8946 | D:11     | Reached **** piety under Ru
  9318 | Lair:1   | Entered Level 1 of the Lair of Beasts
  9318 | Lair:1   | Noticed Fannar
  9328 | D:11     | Reached skill level 8 in Fighting
  9350 | Lair:1   | Killed Fannar
  9399 | Lair:1   | Reached skill level 6 in Armour
  9484 | Lair:1   | Reached skill level 7 in Armour
  9649 | Lair:1   | Reached skill level 9 in Fighting
  9774 | Lair:1   | Reached skill level 10 in Fighting
  9862 | Lair:1   | Reached skill level 8 in Armour
 10337 | Lair:1   | Reached skill level 9 in Armour
 10337 | Lair:1   | Reached skill level 1 in Maces & Flails
 10561 | Lair:1   | Reached skill level 2 in Maces & Flails
 10616 | D:11     | Reached skill level 3 in Maces & Flails
 10643 | D:11     | Reached skill level 4 in Maces & Flails
 10699 | Lair:1   | Reached XP level 12. HP: 84/106 MP: 12/12
 10790 | Lair:1   | Reached skill level 5 in Maces & Flails
 10883 | Lair:2   | Reached skill level 6 in Maces & Flails
 11034 | Lair:2   | Reached skill level 7 in Maces & Flails
 11199 | Lair:2   | Reached skill level 8 in Maces & Flails
 11223 | Lair:2   | Gained mutation: You are somewhat unskilled. (-1 Apt) [Ru
                  | sacrifice]
 11223 | Lair:2   | Reduced skill Fighting to level 9
 11223 | Lair:2   | Reduced skill Axes to level 14
 11223 | Lair:2   | Reduced skill Maces & Flails to level 7
 11223 | Lair:2   | Reduced skill Throwing to level 3
 11223 | Lair:2   | Reduced skill Armour to level 8
 11223 | Lair:2   | Reduced skill Stealth to level 2
 11223 | Lair:2   | Reduced skill Shields to level 4
 11223 | Lair:2   | Reduced skill Evocations to level 2
 11223 | Lair:2   | Reached ***** piety under Ru
 11401 | Lair:2   | Noticed a catoblepas
 11419 | Lair:2   | Killed a catoblepas
 11420 | Lair:2   | Reached skill level 8 in Maces & Flails
 11850 | Lair:3   | Found a frozen archway.
 11869 | Lair:3   | Reached skill level 9 in Maces & Flails
 11885 | IceCv    | Entered an ice cave
 11987 | IceCv    | Found the +7 great mace "Firestarter" {flame, immolate,
                  | rFlCloud rF++}
 12201 | IceCv    | Noticed an ice dragon
 12205 | IceCv    | Reached skill level 10 in Fighting
 12209 | IceCv    | Killed an ice dragon
 12310 | IceCv    | Identified the amulet "Lifitemo" {rF++ Regen+ Str+2 Int+2}
 12468 | Lair:3   | Reached skill level 10 in Maces & Flails
 12491 | Lair:2   | HP: 10/106 [poisoned by a black mamba]
 12496 | Lair:2   | HP: 6/106 [poisoned by a black mamba]
 12671 | Lair:3   | Found a staircase to the Snake Pit.
 12693 | Lair:3   | Reached skill level 11 in Maces & Flails
 13014 | Lair:3   | Reached XP level 13. HP: 93/113 MP: 13/13
 13153 | Lair:3   | Learned a level 1 spell: Apportation
 13168 | Lair:3   | Reached skill level 12 in Maces & Flails
 13218 | Lair:3   | Found a staircase to the Shoals.
 13697 | Lair:4   | Reached skill level 13 in Maces & Flails
 13959 | Lair:4   | Reached skill level 14 in Maces & Flails
 14413 | Lair:5   | Entered Level 5 of the Lair of Beasts
 14438 | Lair:5   | Paralysed by a hornet for 1 turns
 14679 | Lair:5   | Reached skill level 15 in Maces & Flails
 14968 | Lair:5   | Reached skill level 16 in Maces & Flails
 15012 | Lair:5   | Identified the +6 trident of Qecsatuo {heavy, rPois}
 15048 | Lair:5   | Reached XP level 14. HP: 91/121 MP: 14/14
 15086 | Lair:5   | Reached skill level 17 in Maces & Flails
 15161 | Lair:5   | Found a staircase to the Slime Pits.
 16199 | D:12     | Reached skill level 18 in Maces & Flails
 16238 | D:12     | Identified the ring "Vewitzy" {rF+ Stlth+}
 16272 | D:12     | Found a staircase to the Orcish Mines.
 16452 | D:12     | Found a portal to a secret trove of treasure.
 16535 | Orc:1    | Entered Level 1 of the Orcish Mines
 16610 | Orc:1    | Found a shimmering blue altar of Sif Muna.
 16952 | Orc:2    | Entered Level 2 of the Orcish Mines
 16952 | Orc:2    | Found a staircase to the Elven Halls.
 17049 | Orc:2    | Reached skill level 9 in Armour
 17111 | Orc:2    | Found Vioteac's Assorted Antiques.
 17111 | Orc:2    | Found Saethrus's Jewellery Shoppe.
 17122 | Orc:2    | Bought 2 potions of heal wounds for 200 gold pieces
 17122 | Orc:2    | Found Enadgh's Weapon Shop.
 17185 | Orc:2    | Found Birph's Jewellery Shop.
 17240 | Orc:2    | Paralysed by an orc sorcerer for 3 turns
 17315 | Orc:2    | Reached skill level 10 in Armour
 17319 | Orc:2    | Reached skill level 11 in Fighting
 17426 | Orc:1    | Noticed an orc warlord
 17432 | Orc:1    | Killed an orc warlord
 17634 | Orc:2    | Found Yvudaud's Antique Armour Shop.
 17649 | Orc:2    | Found Moerchaha's Overcharged Wands.
 17693 | Orc:2    | Noticed Saint Roka
 17702 | Orc:2    | Found Hutser's Assorted Antiques.
 17702 | Orc:2    | Found Surabbi's Book Shoppe.
 17785 | Orc:2    | Bought a scroll of identify for 62 gold pieces
 17785 | Orc:2    | Bought a scroll labelled VUMODWEOXAU for 31 gold pieces
 17791 | Orc:2    | Bought a book of Battle for 416 gold pieces
 17796 | Orc:2    | Learned a level 4 spell: Manifold Assault
 17823 | Orc:2    | Found Colax's Magic Scroll Boutique.
 17828 | Orc:2    | Bought a scroll of identify for 34 gold pieces
 17931 | Orc:2    | Reached skill level 1 in Translocations
 18132 | Orc:2    | Killed Saint Roka
 18133 | Orc:2    | Reached skill level 2 in Translocations
 18133 | Orc:2    | Reached XP level 15. HP: 69/93 MP: 7/15
 18237 | Orc:2    | Bought a pair of runed gloves for 225 gold pieces
 18237 | Orc:2    | Bought a pair of runed gloves for 225 gold pieces
 18446 | Orc:2    | Found Gummy's General Store.
 18462 | Orc:2    | Bought a scroll of identify for 28 gold pieces
 18462 | Orc:2    | Identified 2 potions of resistance
 18466 | Orc:2    | Bought a +0 cloak for 63 gold pieces
 18606 | D:13     | Reached skill level 3 in Translocations
 18785 | D:13     | Found a gate leading to a gauntlet.
 18797 | Gauntlet | Entered a Gauntlet
 18797 | Gauntlet | Found a transporter.
 18797 | Gauntlet | Found a transporter.
 18809 | Gauntlet | Found a transporter.
 18826 | Gauntlet | Found a transporter.
 18827 | Gauntlet | Found a transporter.
 18827 | Gauntlet | Found a transporter.
 18829 | Gauntlet | Found a transporter.
 18829 | Gauntlet | Found a transporter.
 18837 | Gauntlet | Found a runed translucent door.
 18838 | Gauntlet | Found a runed translucent door.
 18841 | Gauntlet | Found a transporter.
 18856 | Gauntlet | Found a transporter.
 18860 | Gauntlet | Found a runed translucent door.
 18870 | Gauntlet | Found a transporter.
 18881 | Gauntlet | Found a transporter.
 18901 | Gauntlet | Found a transporter.
 18913 | Gauntlet | Found a transporter.
 18980 | Gauntlet | Reached skill level 4 in Translocations
 18988 | Gauntlet | Identified the ring of Xulocaum {Ice rN++ Int-2}
 19090 | Gauntlet | Identified the ring "Taemele" {rC+ Int+3 Dex+6}
 19115 | Gauntlet | Found the +5 robe of Misfortune {Harm *Corrode *Slow EV+5}
 19130 | Gauntlet | Identified the +4 ring mail of Winter {rF+ Str+2 Int-3
                  | SInv}
 19545 | D:13     | Reached skill level 5 in Translocations
 19815 | D:14     | Reached skill level 1 in Spellcasting
 20052 | D:14     | Reached skill level 2 in Spellcasting
 20052 | D:14     | Reached skill level 6 in Translocations
 20582 | D:14     | Found a gate to the Vaults.
 20616 | D:15     | Entered Level 15 of the Dungeon
 20624 | D:15     | Reached skill level 3 in Spellcasting
 20665 | D:15     | Found a transporter.
 20665 | D:15     | Noticed Azrael
 20678 | D:15     | Killed Azrael
 20679 | D:15     | Reached skill level 7 in Translocations
 20811 | D:15     | Identified the ring of Law {rElec rC+ Will++ MP-9 Str+6
                  | Int-4}
 20814 | D:15     | Noticed a frost giant
 20922 | D:14     | Killed a frost giant
 21065 | D:15     | Reached skill level 4 in Spellcasting
 21104 | D:15     | Reached skill level 8 in Translocations
 21144 | D:14     | Reached XP level 16. HP: 107/139 MP: 22/22
 21498 | D:15     | Noticed Louise
 21506 | D:15     | Banished Louise
 21510 | D:15     | Identified the ring of Jauzxer {rPois rN+ Will+ AC+4}
 22107 | D:15     | Found a hide-covered altar of Uskayaw.
 22154 | D:15     | Reached skill level 5 in Spellcasting
 22286 | D:15     | Reached skill level 9 in Translocations
 22357 | D:15     | Identified the ring "Dipasick" {rC- Str+3 Int+6 Dex+2
                  | Slay+3}
 22477 | D:15     | Found a burning altar of Makhleb.
 22482 | D:15     | Learned a level 2 spell: Blink
 22526 | D:15     | Identified the +5 ring mail of Voep {Rampage rElec Int+3
                  | Slay+3}
 22611 | D:15     | Found a broken altar of Ashenzari.
 22807 | D:15     | Found a transporter.
 22860 | D:15     | Found a staircase to the Depths.
 23021 | Snake:1  | Entered Level 1 of the Snake Pit
 23307 | Snake:1  | Noticed Roxanne
 23336 | Snake:1  | Reached skill level 6 in Spellcasting
 23832 | Snake:1  | Identified the serpent talisman "Qyheif" {rF+}
 23832 | Snake:1  | Noticed Aizul
 23842 | Snake:1  | Killed Aizul
 23851 | Snake:1  | Reached skill level 7 in Spellcasting
 24997 | Snake:2  | Reached skill level 12 in Fighting
 26892 | Snake:3  | Reached skill level 11 in Armour
 27151 | Snake:3  | Identified the ring of Ygruer {Fly MP+9 Int+3 Slay-5 SInv}
 27800 | Snake:3  | Reached skill level 13 in Fighting
 27945 | Snake:3  | Reached XP level 17. HP: 145/149 MP: 14/27
 28443 | Snake:3  | Reached skill level 3 in Evocations
 29261 | Snake:3  | Reached skill level 4 in Evocations
 30305 | Snake:4  | Entered Level 4 of the Snake Pit
 30436 | Snake:4  | Reached skill level 5 in Evocations
 31438 | Snake:4  | Reached skill level 14 in Fighting
 31844 | Snake:4  | Reached skill level 12 in Armour
 32359 | Snake:4  | Reached skill level 6 in Evocations
 32807 | Snake:4  | Reached skill level 7 in Evocations
 32995 | Snake:4  | Noticed Vashnia
 33007 | Snake:4  | Identified the +1 robe of Happy Babbling {rPois MP+9 Int+3
                  | Stlth+}
 33021 | Snake:4  | Killed Vashnia
 33334 | Snake:4  | Got a serpentine rune of Zot
 33557 | Shoals:1 | Entered Level 1 of the Shoals
 33576 | Shoals:1 | Noticed Kirke
 33700 | Shoals:1 | Killed Kirke
 33706 | Shoals:1 | Reached skill level 13 in Armour
 34826 | Shoals:1 | Reached skill level 14 in Armour
 35149 | Shoals:1 | Reached skill level 4 in Throwing
 35543 | Shoals:1 | Reached XP level 18. HP: 140/160 MP: 17/28
 35606 | Shoals:1 | Found a hide-covered altar of Uskayaw.
 35725 | Shoals:1 | Identified the +1 arbalest of Siniyko {elec, Will++}
 35725 | Shoals:1 | Identified the +10 ring mail "Hythriabb" {rPois Int+3}
 36124 | Shoals:2 | Reached skill level 5 in Throwing
 36767 | Shoals:2 | Reached skill level 15 in Fighting
 38222 | Shoals:3 | Reached skill level 16 in Fighting
 38282 | Shoals:3 | Found Fuyzoq's Firing Range.
 38293 | Shoals:3 | Bought 2 throwing nets for 78 gold pieces
 38556 | Shoals:4 | Entered Level 4 of the Shoals
 38623 | Shoals:4 | Found a stormy altar of Qazlal.
 39055 | Shoals:4 | Paralysed by an air elemental for 1 turns
 39389 | Shoals:4 | Paralysed by a formless jellyfish for 1 turns
 39521 | Shoals:4 | Reached skill level 17 in Fighting
 39702 | Shoals:4 | Paralysed by an air elemental for 1 turns
 40060 | Shoals:4 | Reached skill level 8 in Spellcasting
 40126 | Shoals:4 | Paralysed by an air elemental for 1 turns
 40128 | Shoals:4 | Paralysed by an air elemental for 1 turns
 40955 | Shoals:4 | Got the Treatise on Plutonic Finality
 40957 | Shoals:4 | Got a barnacled rune of Zot
 41037 | Shoals:4 | Paralysed by an air elemental for 1 turns
 41040 | Shoals:4 | Paralysed by an air elemental for 1 turns
 41363 | Vaults:1 | Entered Level 1 of the Vaults
 41373 | Vaults:1 | Reached XP level 19. HP: 146/156 MP: 23/31
 41444 | Vaults:1 | Noticed Donald
 41445 | Vaults:1 | Killed Donald
 41509 | Vaults:1 | Found a huge runed translucent gate.
 41509 | Vaults:1 | Found a huge runed translucent gate.
 41604 | Vaults:1 | Found a huge runed translucent gate.
 41604 | Vaults:1 | Found a huge runed translucent gate.
 41604 | Vaults:1 | Found a huge runed translucent gate.
 41605 | Vaults:1 | Found a huge runed translucent gate.
 41605 | Vaults:1 | Found a huge runed translucent gate.
 41605 | Vaults:1 | Found a huge runed translucent gate.
 41606 | Vaults:1 | Found a huge runed translucent gate.
 41606 | Vaults:1 | Found a huge runed translucent gate.
 41606 | Vaults:1 | Found a huge runed translucent gate.
 41606 | Vaults:1 | Found a huge runed translucent gate.
 41606 | Vaults:1 | Found a huge runed translucent gate.
 41607 | Vaults:1 | Found a huge runed translucent gate.
 41636 | Vaults:1 | Found a huge runed translucent gate.
 42540 | Vaults:1 | Reached skill level 15 in Armour
 42857 | Vaults:1 | Found a huge runed translucent gate.
 42857 | Vaults:1 | Found a huge runed translucent gate.
 42857 | Vaults:1 | Found a huge runed translucent gate.
 42857 | Vaults:1 | Found a huge runed translucent gate.
 42857 | Vaults:1 | Found a huge runed translucent gate.
 42857 | Vaults:1 | Found a huge runed translucent gate.
 42857 | Vaults:1 | Found a huge runed translucent gate.
 42857 | Vaults:1 | Found a huge runed translucent gate.
 42857 | Vaults:1 | Found a huge runed translucent gate.
 42858 | Vaults:1 | Found a huge runed translucent gate.
 42858 | Vaults:1 | Found a huge runed translucent gate.
 42858 | Vaults:1 | Found a huge runed translucent gate.
 42858 | Vaults:1 | Found a huge runed translucent gate.
 42860 | Vaults:1 | Found a huge runed translucent gate.
 42861 | Vaults:1 | Found a huge runed translucent gate.
 42861 | Vaults:1 | Found a huge runed translucent gate.
 42870 | Vaults:1 | Reached skill level 18 in Fighting
 43253 | Vaults:1 | Found a huge runed translucent gate.
 43254 | Vaults:1 | Found a huge runed translucent gate.
 43255 | Vaults:1 | Found a huge runed translucent gate.
 43256 | Vaults:1 | Found a huge runed translucent gate.
 43271 | Vaults:1 | Found a huge runed translucent gate.
 43551 | Vaults:2 | Upgraded the game from 0.32-a0-540-g866d13106e to
                  | 0.32-a0-560-g4c7f4391e0
 43738 | Vaults:2 | Found a staircase to the Crypt.
 43817 | Vaults:2 | Reached skill level 16 in Armour
 43908 | Vaults:2 | Found Qelaij's Armour Shoppe.
 44185 | Vaults:2 | Noticed Nikola
 44201 | Vaults:2 | Killed Nikola
 45113 | Vaults:2 | Reached skill level 19 in Fighting
 45258 | Vaults:2 | Gained mutation: You cannot train Dodging skill. [Ru
                  | sacrifice]
 45258 | Vaults:2 | Reached ****** piety under Ru
 45480 | Vaults:3 | Reached XP level 20. HP: 179/183 MP: 18/32
 45936 | Vaults:3 | Reached skill level 17 in Armour
 47096 | Vaults:3 | Reached skill level 20 in Fighting
 47642 | Vaults:4 | Identified the +6 arbalest of Fortitude {flame, rElec}
 47947 | Vaults:4 | Reached skill level 18 in Armour
 49439 | Elf:1    | Entered Level 1 of the Elven Halls
 49453 | Elf:1    | Paralysed by an air elemental for 1 turns
 49739 | Elf:1    | Noticed Zenata
 49758 | Elf:1    | Killed Zenata
 50293 | Elf:1    | Found a shimmering blue altar of Sif Muna.
 50698 | Elf:1    | Found Beotem's Book Shoppe.
 50700 | Elf:1    | Found Sahoz's Jewellery Shop.
 50701 | Elf:1    | Found Vetyesch's Book Shoppe.
 50707 | Elf:1    | Bought Maxwell's Memoranda for 760 gold pieces
 50712 | Elf:1    | Learned a level 4 spell: Vhi's Electric Charge
 50970 | Elf:1    | Reached skill level 1 in Air Magic
 50970 | Elf:1    | Reached XP level 21. HP: 203/203 MP: 17/33
 51452 | Orc:2    | Bought a scroll of teleportation for 51 gold pieces
 51452 | Orc:2    | Bought a scroll of teleportation for 51 gold pieces
 51700 | D:5      | Killed Dynojp's ghost
 51954 | Orc:2    | Bought a faintly glowing leather armour for 210 gold pieces
 51954 | Orc:2    | Identified the +2 leather armour of the Other Side {+Blink
                  | Dex+4} (You bought it in a shop on level 2 of the Orcish
                  | Mines)
 52170 | Elf:2    | Reached skill level 2 in Air Magic
 52291 | Elf:2    | Paralysed by an air elemental for 1 turns
 52522 | Elf:2    | Reached skill level 3 in Air Magic
 52558 | Elf:2    | Found a runed translucent gate.
 52558 | Elf:2    | Found a runed translucent gate.
 52558 | Elf:2    | Found a runed translucent gate.
 52820 | Elf:2    | Identified the +6 hand axe of Naugipuo {heavy, rElec rN+
                  | Will+ Str-4 SInv}
 52825 | Elf:2    | Reached skill level 4 in Air Magic
 53106 | Elf:2    | Got Vehumet's Reference Book on Force
 53446 | Elf:3    | Entered Level 3 of the Elven Halls
 53645 | Elf:3    | Found the +15 Maxwell's patent armour {-Cast -Tele rElec
                  | Will+ rCorr}
 53928 | Elf:3    | Found a radiant altar of Vehumet.
 54174 | Elf:3    | Reached skill level 5 in Air Magic
 54493 | Elf:3    | Reached skill level 21 in Fighting
 55501 | Elf:3    | Reached skill level 19 in Armour
 56195 | Elf:3    | Identified the +1 flail "Debb" {drain, Stlth+}
 56538 | Elf:3    | Identified the +6 scimitar "Ycuogh" {flame, MP+9 Str+3
                  | Dex+3}
 56538 | Elf:3    | Identified the +1 fire dragon scales of Tiatsiud {Rampage
                  | rF++ rC-}
 57547 | Elf:3    | Identified the staff "Newtslayer" {*Corrode rElec rN+
                  | Will+++ MP+9 Necro}
 57548 | Elf:3    | Identified the +1 great sword "Dyrphaypt" {pain, Will+}
 57959 | Depths:1 | Entered Level 1 of the Depths
 57964 | Depths:1 | Found a one-way gateway to a ziggurat.
 58032 | Depths:1 | Found Emyl's Distillery.
 58131 | Depths:1 | Found a transporter.
 58244 | Depths:1 | Found a transporter.
 58244 | Depths:1 | Found a transporter.
 58251 | Depths:1 | Found a transporter.
 58265 | Depths:1 | Found a gateway to Hell.
 58328 | Depths:1 | Reached skill level 20 in Armour
 58680 | Depths:1 | Bought a potion of heal wounds for 110 gold pieces
 60221 | Depths:2 | Found a one-way gate leading to the halls of Pandemonium.
 60809 | Depths:2 | Reached XP level 22. HP: 213/213 MP: 16/34
 60818 | Depths:2 | Reached skill level 21 in Armour
 61290 | Depths:2 | Noticed a golden dragon
 61310 | Depths:2 | Killed a golden dragon
 61352 | Depths:2 | Identified the +0 plate armour of Limited Liability {+Blink
                  | Str+7}
 61372 | Depths:2 | Identified the +1 orcbow "Dobin" {elec, rN+}
 61593 | Depths:3 | Found Asienuys's Assorted Antiques.
 61595 | Depths:3 | Found a one-way gate to the infinite horrors of the Abyss.
 61749 | Depths:3 | Upgraded the game from 0.32-a0-560-g4c7f4391e0 to
                  | 0.32-a0-571-gec57dfcd37
 61813 | Depths:3 | Reached skill level 22 in Armour
 62391 | Depths:3 | Noticed a golden dragon
 62664 | Depths:3 | Noticed a golden dragon
 62668 | Depths:3 | Killed a golden dragon
 62670 | Depths:3 | Noticed a golden dragon
 63081 | Depths:3 | Reached skill level 23 in Armour
 63291 | Depths:3 | a golden dragon changed into a caustic shrike
 63291 | Depths:3 | Noticed a caustic shrike
 63292 | Depths:3 | Killed a caustic shrike
 63351 | Depths:3 | Noticed a juggernaut
 63616 | Depths:3 | Found an opulent altar of Gozag.
 63828 | Depths:3 | a juggernaut changed into an iron giant
 63832 | Depths:3 | Noticed a juggernaut
 63844 | Depths:3 | Noticed a caustic shrike
 63848 | Depths:3 | HP: 18/181 [poisoned by a frost giant]
 63853 | Depths:3 | HP: 16/181 [poisoned by a frost giant]
 64206 | Depths:3 | Killed a juggernaut
 64450 | Depths:3 | Identified the +2 orcbow "Lesil" {flame, Fly rElec Will+
                  | Stlth+}
 64462 | Depths:3 | Killed a caustic shrike
 64537 | Depths:3 | Identified the +6 chain mail of Joov {^Drain rC++ Int-3
                  | SInv}
 64663 | Depths:4 | Entered Level 4 of the Depths
 64742 | Depths:4 | Noticed a juggernaut
 64755 | Depths:4 | Killed a juggernaut
 64756 | Depths:4 | Reached skill level 24 in Armour
 64788 | Depths:4 | Reached XP level 23. HP: 159/220 MP: 10/35
 65159 | Depths:4 | Identified the +0 ring mail of Disguise {+Inv rF+ rC+
                  | Slay+3}
 66937 | Depths:4 | Found a gate to the Realm of Zot.
 67441 | Vaults:5 | Entered Level 5 of the Vaults
 67460 | Vaults:5 | Reached skill level 25 in Armour
 67474 | Vaults:5 | Noticed an ancient lich
 67477 | Vaults:5 | Killed an ancient lich
 67521 | Vaults:5 | Identified the +7 plate armour of Dim Light {Dex+3}
 67524 | Vaults:5 | Identified the amulet of Zimonk {RegenMP rPois rF+
                  | RegenMP+}
 67732 | Vaults:5 | Identified a scroll of acquirement
 67736 | Vaults:5 | Acquired 864 gold pieces
 67973 | Vaults:5 | Got a silver rune of Zot
 68012 | Vaults:5 | Reached skill level 26 in Armour
 68773 | Vaults:5 | Noticed a dread lich
 68775 | Vaults:5 | Killed a dread lich
 69003 | Vaults:5 | Identified the +0 robe of Hadjma {Will+ Str-5 Int+4}
 69077 | Vaults:5 | Found Acwimoff's Magic Scroll Emporium.
 69086 | Vaults:5 | Bought a scroll of teleportation for 66 gold pieces
 69086 | Vaults:5 | Bought a scroll of teleportation for 66 gold pieces
 69086 | Vaults:5 | Bought a scroll of enchant armour for 165 gold pieces
 69087 | Vaults:5 | Bought a scroll of revelation for 165 gold pieces
 69087 | Vaults:5 | Identified the +3 flail of the Endless Expanse {drain, rF-
                  | rC+ Str+5}
 69286 | Vaults:5 | Identified the +9 longbow of Moderation {speed, ^Fragile
                  | rF- rN+ Will++ Stlth+}
 69568 | Vaults:5 | Reached XP level 24. HP: 228/228 MP: 31/35
 69779 | Vaults:5 | Reached skill level 9 in Spellcasting
 70594 | Zot:1    | Entered Level 1 of the Realm of Zot
 70698 | Zot:1    | Found the +4 dragonskin cloak
 70698 | Zot:1    | Noticed Tiamat
 70783 | Zot:1    | Killed Tiamat
 70784 | Zot:1    | Reached skill level 10 in Spellcasting
 71193 | Zot:1    | Noticed an orb of fire
 71196 | Zot:1    | Gained mutation: Your magical capacity is low. (-10% MP)
                  | [an orb of fire]
 71197 | Zot:1    | Killed an orb of fire
 72306 | Zot:1    | Noticed an orb of fire
 72310 | Zot:1    | Gained mutation: You occasionally lose the ability to read
                  | scrolls when taking damage. [an orb of fire]
 72315 | Zot:1    | Gained mutation: Your spells are a little easier to cast,
                  | but a little less powerful. [an orb of fire]
 72316 | Zot:1    | Killed an orb of fire
 72317 | Zot:1    | Reached skill level 10 in Translocations
 72331 | Depths:4 | Lost mutation: Your magical capacity is low. (-10% MP)
                  | [potion of mutation]
 72331 | Depths:4 | Lost mutation: You occasionally lose the ability to read
                  | scrolls when taking damage. [potion of mutation]
 72331 | Depths:4 | Gained mutation: You are covered in fur. (AC +1) [potion of
                  | mutation]
 72331 | Depths:4 | Gained mutation: You have large cloven feet. [potion of
                  | mutation]
 72674 | Zot:2    | Noticed a Killer Klown
 72674 | Zot:2    | Noticed a curse toe
 72674 | Zot:2    | Noticed an electric golem
 72874 | Zot:1    | HP: 20/205 [broodmother[a protean progenitor] (40)]
 73022 | Zot:1    | Killed an electric golem
 73028 | Zot:1    | Killed a Killer Klown
 73029 | Zot:1    | Reached skill level 11 in Translocations
 73097 | Zot:2    | Noticed a curse toe
 73389 | Zot:2    | Noticed a Killer Klown
 73406 | Zot:2    | Killed a Killer Klown
 73719 | Zot:2    | Noticed an electric golem
 73785 | Zot:2    | Identified the +6 long sword of the Wary Tusks {holy, Will+
                  | Dex+3}
 73867 | Zot:2    | Reached skill level 12 in Translocations
 74012 | Zot:2    | Killed an electric golem
 74428 | Zot:2    | Found a snail-covered altar of Cheibriados.
 74890 | Zot:2    | Killed a curse toe
 75140 | Zot:2    | Killed a curse toe
 75407 | Zot:3    | Reached skill level 13 in Translocations
 75476 | Zot:3    | Reached XP level 25. HP: 176/228 MP: 30/37
 76010 | Zot:3    | Noticed a Killer Klown
 76130 | Zot:3    | Killed a Killer Klown
 76276 | Zot:3    | Learned a level 4 spell: Iskenderun's Mystic Blast
 76645 | Zot:3    | Noticed a curse toe
 76656 | Zot:3    | Killed a curse toe
 76657 | Zot:3    | Reached skill level 27 in Armour
 77860 | Zot:3    | Reached skill level 22 in Fighting
 77934 | Zot:3    | Got the Omnibus of the Zealot
 79011 | Zot:4    | Identified the +3 leather armour of Floral Life {rC++ rN+
                  | Int-2 SInv}
 79120 | Zot:4    | Noticed a curse toe
 79313 | Zot:4    | Killed a curse toe
 79314 | Zot:4    | Reached skill level 23 in Fighting
 79457 | Zot:5    | Entered Level 5 of the Realm of Zot
 79716 | Zot:5    | Noticed a curse toe
 79720 | Zot:5    | Killed a curse toe
 80017 | Zot:5    | Learned a level 4 spell: Passage of Golubria
 80061 | Zot:5    | Noticed an orb of fire
 80227 | Zot:5    | Gained mutation: You are dopey. (Int -2) [an orb of fire]
 80229 | Zot:5    | Killed an orb of fire
 80299 | Zot:5    | Noticed an orb of fire
 80308 | Zot:5    | Gained mutation: Your body sometimes deteriorates upon
                  | taking damage. [an orb of fire]
 80311 | Zot:5    | Killed an orb of fire
 80325 | Zot:4    | Lost mutation: You are dopey. (Int -2) [potion of mutation]
 80325 | Zot:4    | Lost mutation: Your spells are a little easier to cast, but
                  | a little less powerful. [potion of mutation]
 80325 | Zot:4    | Gained mutation: You are robust. (+10% HP) [potion of
                  | mutation]
 80325 | Zot:4    | Gained mutation: You are very robust. (+20% HP) [potion of
                  | mutation]
 80326 | Zot:4    | Lost mutation: You have large cloven feet. [potion of
                  | mutation]
 80326 | Zot:4    | Lost mutation: You are very robust. (+20% HP) [potion of
                  | mutation]
 80326 | Zot:4    | Gained mutation: You expend magic power (3 MP) to
                  | strengthen your wands. [potion of mutation]
 80326 | Zot:4    | Gained mutation: Your body often deteriorates upon taking
                  | damage. [potion of mutation]
 80326 | Zot:4    | Gained mutation: Your system is resistant to poisons.
                  | (rPois) [potion of mutation]
 80327 | Zot:4    | Lost mutation: Your system is resistant to poisons. (rPois)
                  | [potion of mutation]
 80327 | Zot:4    | Lost mutation: You expend magic power (3 MP) to strengthen
                  | your wands. [potion of mutation]
 80328 | Zot:4    | Lost mutation: Your body often deteriorates upon taking
                  | damage. [potion of mutation]
 80328 | Zot:4    | Lost mutation: You are covered in fur. (AC +1) [potion of
                  | mutation]
 80328 | Zot:4    | Lost mutation: You are robust. (+10% HP) [potion of
                  | mutation]
 80329 | Zot:4    | Lost mutation: Your body sometimes deteriorates upon taking
                  | damage. [potion of mutation]
 80329 | Zot:4    | Gained mutation: You have large cloven feet. [potion of
                  | mutation]
 80329 | Zot:4    | Gained mutation: You are dopey. (Int -2) [potion of
                  | mutation]
 80329 | Zot:4    | Gained mutation: You are occasionally teleported next to
                  | monsters. [potion of mutation]
 80330 | Zot:4    | Lost mutation: You are occasionally teleported next to
                  | monsters. [potion of mutation]
 80330 | Zot:4    | Lost mutation: You are dopey. (Int -2) [potion of mutation]
 80330 | Zot:4    | Lost mutation: You have large cloven feet. [potion of
                  | mutation]
 80330 | Zot:4    | Gained mutation: You are agile. (Dex +4, Str/Int -1)
                  | [potion of mutation]
 80330 | Zot:4    | Gained mutation: Your health recovers twice as slowly from
                  | being drained. [potion of mutation]
 80330 | Zot:4    | Gained mutation: You sometimes lose your temper in combat.
                  | [potion of mutation]
 80561 | Depths:1 | Bought a potion of mutation for 176 gold pieces
 80799 | Zot:5    | Noticed a Killer Klown
 80812 | Zot:5    | Killed a Killer Klown
 80884 | Zot:5    | Noticed an ancient lich
 80890 | Zot:5    | Noticed an orb of fire
 80892 | Zot:5    | Noticed an orb of fire
 81013 | Zot:4    | Gained mutation: Armour fits poorly on your strangely
                  | shaped body. [an orb of fire]
 81014 | Zot:4    | Gained mutation: You do not regenerate when monsters are
                  | visible. [an orb of fire]
 81017 | Zot:4    | Killed an orb of fire
 81018 | Zot:4    | Reached skill level 24 in Fighting
 81059 | Zot:5    | Killed an ancient lich
 81156 | Zot:5    | Gained mutation: Your body sometimes deteriorates upon
                  | taking damage. [an orb of fire]
 81157 | Zot:5    | Killed an orb of fire
 81182 | Zot:5    | Noticed an electric golem
 81188 | Zot:5    | Killed an electric golem
 81250 | Zot:5    | Noticed an orb of fire
 81321 | Zot:5    | Noticed a Killer Klown
 81337 | Zot:5    | Killed a Killer Klown
 81440 | Zot:5    | Killed an orb of fire
 81450 | Zot:5    | Noticed a Killer Klown
 81454 | Zot:5    | Killed a Killer Klown
 81455 | Zot:5    | Reached XP level 26. HP: 256/256 MP: 33/37
 81493 | Zot:5    | Noticed a dread lich
 81495 | Zot:5    | Noticed an electric golem
 81661 | Zot:5    | Noticed a curse toe
 81665 | Zot:5    | Killed a curse toe
 81680 | Zot:5    | Killed an electric golem
 81750 | Zot:5    | Noticed an orb of fire
 81752 | Zot:5    | Gained mutation: You are strong-willed. (Will+) [an orb of
                  | fire]
 81754 | Zot:5    | Gained mutation: Your body often deteriorates upon taking
                  | damage. [an orb of fire]
 81756 | Zot:5    | Gained mutation: Potions are less effective at restoring
                  | your health. [an orb of fire]
 81761 | Zot:5    | Killed an orb of fire
 81762 | Zot:5    | Reached skill level 25 in Fighting
 82023 | Zot:5    | Noticed an ancient lich
 82039 | Zot:5    | Killed an ancient lich
 82525 | Zot:5    | Killed a dread lich
 82530 | Zot:5    | Noticed an orb of fire
 82538 | Zot:5    | Killed an orb of fire
 82569 | Zot:5    | Got the Orb of Zot
 82648 | Zot:3    | Reached skill level 26 in Fighting
 83111 | D:$      | Escaped with the Orb!

Vanquished Creatures
  2 dread liches
  Tiamat (Zot:1)
  3 ancient liches
  9 orbs of fire
  2 juggernauts
  7 Killer Klowns
  6 curse toes
  Saint Roka (Orc:2)
  2 caustic shrikes (Depths:3)
  Vashnia (Snake:4)
  Nikola (Vaults:2)
  11 golden dragons
  4 electric golems
  An iron giant (Depths:3)
  A Hell Sentinel (D:1)
  Zenata (Elf:1)
  2 liches
  16 tentacled monstrosities
  2 deep elf blademasters (Elf:3)
  5 titans
  26 Orb Guardians
  2 walking frostbound tomes
  9 quicksilver dragons
  5 sphinxes
  11 death cobs
  Kirke (Shoals:1)
  10 shadow dragons
  Donald (Vaults:1)
  Aizul (Snake:1)
  12 tengu reavers
  6 draconian knights
  2 nagarajas (Snake:4)
  3 iron dragons
  15 draconian monks
  15 storm dragons
  2 draconian scorchers
  4 protean progenitors
  14 frost giants
  16 vault wardens
  7 fire giants
  7 draconian shifters
  12 deep elf sorcerers
  5 ghost moths
  5 deep elf elementalists
  10 draconian stormcallers
  3 orc warlords
  A reaper (Zot:2)
  16 stone giants
  6 draconian annihilators
  10 ironbound thunderhulks
  11 ironbound preservers
  5 formless jellyfish
  2 broodmothers (Zot:1)
  11 green draconians
  14 black draconians
  8 deep elf demonologists
  An elemental wellspring (Depths:3)
  16 very ugly things
  15 yellow draconians
  10 dire elephants
  4 vampire knights
  A war gargoyle (Vaults:3)
  2 minotaurs
  3 lorocyprocas
  17 red draconians
  12 white draconians
  12 purple draconians
  15 deep elf annihilators
  20 spark wasps
  5 deep elf death magi
  Azrael (D:15)
  18 ettins
  An eidolon (Vaults:2)
  A green death (Zot:5)
  6 merfolk javelineers
  8 fire dragons
  4 crystal guardians (Depths:2)
  11 merfolk impalers
  15 yaktaur captains
  3 jiangshi (Depths:3)
  5 deep elf high priests
  A rakshasa (Depths:3)
  35 vault guards
  2 salamander tyrants (Snake:4)
  A hydra (Lair:4)
  Fannar (Lair:1)
  9 ice dragons
  5 spriggan air magi
  A servant of whispers (Vaults:1)
  11 great orbs of eyes
  12 ironbound frosthearts
  A spriggan skeleton (Depths:2)
  3 catoblepae
  An ogre mage (D:15)
  3 alligator snapping turtles
  A two-headed ogre (shapeshifter) (Vaults:5)
  6 merfolk avatars
  20 centaur warriors
  15 dancing weapons
  8 merfolk aquamancers
  4 tengu warriors
  4 satyrs
  10 anacondas
  10 boulder beetles
  2 death knights
  3 death yaks (Lair:5)
  3 deep troll earth magi (Depths:3)
  4 two-headed ogres
  A vampire mage (Depths:3)
  An occultist (Depths:2)
  2 spriggans (Depths:4)
  10 spriggan berserkers
  14 naga warriors
  4 orc high priests
  4 shock serpents
  7 naga sharpshooters
  A storm dragon zombie (Vaults:3)
  19 deep elf knights
  A skyshark (shapeshifter) (D:15)
  9 skysharks
  2 large abominations (Gauntlet)
  4 salamander mystics
  3 iron trolls
  5 skeletal warriors
  A sixfirhy (D:15)
  10 sea snakes
  A flayed ghost (Depths:4)
  2 glowing orange brains
  A sun moth (shapeshifter) (Vaults:5)
  10 deep elf archers
  5 arcanists
  3 mana vipers
  5 lindwurms
  29 deep trolls
  4 thermic dynamos
  6 naga ritualists
  A harpy (shapeshifter) (D:15)
  19 orc knights
  2 necromancers
  A lindwurm (shapeshifter) (D:15)
  An orange crystal statue (Depths:3)
  31 deep elf pyromancers
  5 phantasmal warriors
  12 orc sorcerers
  29 harpies
  17 ironbound convokers
  22 deep elf zephyrmancers
  22 fauns
  34 ugly things
  37 salamanders
  A worldbinder (Gauntlet)
  19 manticores
  30 moths of wrath
  11 cyclopes
  A frost giant skeleton (Depths:2)
  5 merfolk sirens
  23 elephants
  4 meliai (Shoals:1)
  5 water nymphs
  4 guardian serpents
  2 black mambas (shapeshifter)
  3 kobold blastminers (Orc:1)
  2 orange demons
  22 vault sentinels
  10 cane toads
  17 naga magi
  3 kobold demonologists (D:12)
  4 gargoyles
  34 black mambas
  3 ice statues
  2 torpor snails
  An unseen horror (D:11)
  Jeremiah (D:7)
  A storm dragon simulacrum (Depths:2)
  10 rime drakes
  A cane toad (shapeshifter) (D:14)
  4 efreet
  A hellion (D:7)
  38 yaktaurs
  3 freezing wraiths
  A yaktaur (shapeshifter) (D:13)
  2 minotaur zombies (Gauntlet)
  2 ice devils (Lair:3)
  9 komodo dragons
  9 tengu conjurers
  10 trolls
  A yaktaur skeleton (Vaults:3)
  A merfolk (shapeshifter) (Elf:2)
  2 polar bears (Lair:4)
  17 wind drakes
  A wind drake (shapeshifter) (Vaults:5)
  5 glass eyes
  7 hornets
  13 blink frogs
  11 merfolk
  5 saltlings
  16 snapping turtles
  A snapping turtle (shapeshifter) (Vaults:5)
  17 dream sheep
  A jumping spider (shapeshifter) (Depths:4)
  A fire giant simulacrum (Depths:2)
  2 elf skeletons (Vaults:3)
  27 slime creatures
  31 water elementals
  8 air elementals
  4 wraiths
  3 humans
  A fire bat (shapeshifter) (D:15)
  7 wyverns
  A vampire (D:12)
  24 fire elementals
  2 hogs (Shoals:1)
  2 wargs
  41 yaks
  A vampire mosquito (D:14)
  6 basilisks
  A yak (shapeshifter) (D:15)
  A chaos spawn (Depths:4)
  3 steam dragons
  35 nagas
  A swamp worm (shapeshifter) (Vaults:5)
  An acid dragon (D:11)
  2 hell hounds (D:15)
  16 water moccasins
  22 orc warriors
  3 sky beasts
  3 black bears
  The ghost of Dynojp the Covert, an amateur GnDe (D:5)
  10 laughing skulls
  A wolf (shapeshifter) (D:14)
  9 ogres
  3 boggarts (Gauntlet)
  12 wolves
  6 centaurs
  A phantom (D:7)
  14 bullfrogs
  An earth elemental (Elf:1)
  A gnoll sergeant (D:8)
  3 small abominations (Gauntlet)
  6 scorpions
  18 wights
  2 lindwurm simulacra (IceCv)
  5 howler monkeys
  5 electric eels
  A lava snake (Snake:3)
  4 bombardier beetles
  6 komodo dragon simulacra (IceCv)
  A centaur zombie (D:5)
  12 orc priests
  2 centaur skeletons (D:5)
  6 hounds
  9 jellies
  4 iguanas
  A sleepcap (D:6)
  Natasha (thrice) (D:2)
  16 orc wizards
  3 hell rats (Lair:1)
  A killer bee zombie (D:5)
  Robin (D:2)
  9 gnolls
  5 acid dragon simulacra (IceCv)
  6 adders
  3 white imps
  2 ufetubi (D:5)
  8 steam dragon simulacra (IceCv)
  6 dart slugs
  A ribbon worm (D:5)
  56 orcs
  8 ball pythons
  6 endoplasms
  6 giant cockroaches
  10 goblins
  6 hobgoblins
  4 jackals
  2 quokkas
  4 bats
  5 frilled lizards
  8 kobolds
  5 rats (D:1)
  2 aspiring fleshes
2120 creatures vanquished.

Vanquished Creatures (others)
  A Killer Klown (Zot:5)
  A sphinx (Depths:3)
  A quicksilver dragon (Depths:3)
  A draconian annihilator (Zot:3)
  A stone giant (Vaults:5)
  A very ugly thing (Depths:3)
  An ironbound preserver (Vaults:1)
  A two-headed ogre (Orc:2)
  A sea snake (Shoals:4)
  2 ironbound convokers (Vaults:5)
  A deep elf pyromancer (D:14)
  A manticore (Shoals:4)
  A vault sentinel (Vaults:2)
  A yaktaur (Vaults:4)
  A water moccasin (D:9)
  An orc wizard (D:7)
  A hell rat (Lair:1)
  2 orcs
20 creatures vanquished.

Grand Total: 2140 creatures vanquished

Table legend: (Time is in decaauts)
 A = Elapsed time spent in this place.
 B = Non-inter-level travel time spent in this place.
 C = Inter-level travel time spent in this place.
 D = Time resting spent in this place.
 E = Time spent auto-exploring this place.
 F = Levels seen in this place.
 G = Mean time per level.
                   A        B        C        D        E       F      G
               +--------+--------+--------+--------+--------+-----+--------+
         Total |  82655 |  75252 |   7403 |  23029 |  33988 |  50 | 1653.1 |
       Dungeon |  15685 |  13383 |   2302 |   1612 |   8210 |  15 | 1045.7 |
        Temple |      1 |      1 |      0 |      0 |      0 |   1 |    1.0 |
          Lair |   6835 |   5977 |    858 |    993 |   3248 |   5 | 1367.0 |
        Shoals |   7306 |   7039 |    267 |   2203 |   3403 |   4 | 1826.5 |
     Snake Pit |   9592 |   8812 |    780 |   3335 |   4435 |   4 | 2398.0 |
  Orcish Mines |   2318 |   1825 |    493 |    370 |   1045 |   2 | 1159.0 |
   Elven Halls |   7725 |   7470 |    255 |   2703 |   2804 |   3 | 2575.0 |
        Vaults |  10712 |  10100 |    612 |   2196 |   5511 |   5 | 2142.4 |
        Depths |  10181 |   9084 |   1097 |   3824 |   3252 |   4 | 2545.2 |
           Zot |  11375 |  10640 |    735 |   5644 |   1751 |   5 | 2275.0 |
      Ice Cave |    530 |    530 |      0 |     66 |    203 |   1 |  530.0 |
      Gauntlet |    390 |    390 |      0 |     80 |    125 |   1 |  390.0 |
               +--------+--------+--------+--------+--------+-----+--------+

Top non-repeatable levels by time:
   Elf:3: 4332 daAuts
Depths:3: 3634 daAuts
 Snake:3: 3547 daAuts
   Zot:3: 3364 daAuts
   Zot:1: 2919 daAuts
Depths:4: 2830 daAuts
Vaults:5: 2612 daAuts
Shoals:1: 2451 daAuts
Vaults:2: 2417 daAuts
Shoals:4: 2332 daAuts
 Snake:2: 2195 daAuts
   Zot:5: 2186 daAuts
Depths:2: 2182 daAuts
    D:15: 2113 daAuts
Vaults:1: 2057 daAuts

Table legend:
 A = Non-vault XP
 B = Vault XP
 C = Vault XP percentage of total XP
 D = Non-vault monster count
 E = Vault monster count
 F = Vault count percentage of total count
                 A         B        C        D         E       F
            +---------+---------+-------+---------+---------+-------
      Total |  687220 |  694489 |  50.3 |    1244 |     876 |  41.3
            +---------+---------+-------+---------+---------+-------
        D:1 |      28 |       0 |   0.0 |      17 |       0 |   0.0
        D:2 |      99 |      65 |  39.6 |      17 |       9 |  34.6
        D:3 |      91 |       0 |   0.0 |      15 |       0 |   0.0
        D:4 |     327 |     113 |  25.7 |      16 |       7 |  30.4
        D:5 |     713 |     406 |  36.3 |      24 |       6 |  20.0
        D:6 |     567 |     268 |  32.1 |      13 |       3 |  18.8
        D:7 |    1067 |     388 |  26.7 |      14 |       1 |   6.7
        D:8 |    1556 |       0 |   0.0 |      27 |       0 |   0.0
        D:9 |     714 |       0 |   0.0 |      11 |       0 |   0.0
       D:10 |    2003 |       0 |   0.0 |       9 |       0 |   0.0
       D:11 |    6437 |     708 |   9.9 |      23 |       8 |  25.8
       D:12 |    6679 |       0 |   0.0 |      21 |       0 |   0.0
       D:13 |    5722 |       0 |   0.0 |      16 |       0 |   0.0
       D:14 |   13720 |    6057 |  30.6 |      26 |      14 |  35.0
       D:15 |       0 |   34421 | 100.0 |       0 |      77 | 100.0
     Lair:1 |    8471 |     738 |   8.0 |      43 |       1 |   2.3
     Lair:2 |    4168 |    1061 |  20.3 |      16 |       3 |  15.8
     Lair:3 |    6171 |    2432 |  28.3 |      22 |      11 |  33.3
     Lair:4 |    5827 |    4809 |  45.2 |      20 |      13 |  39.4
     Lair:5 |   15658 |    6857 |  30.5 |      35 |      26 |  42.6
   Shoals:1 |   23640 |    9287 |  28.2 |      47 |      16 |  25.4
   Shoals:2 |   21963 |       0 |   0.0 |      44 |       0 |   0.0
   Shoals:3 |   14059 |       0 |   0.0 |      30 |       0 |   0.0
   Shoals:4 |   13125 |   29826 |  69.4 |      25 |      55 |  68.8
    Snake:1 |   14769 |    1402 |   8.7 |      26 |       1 |   3.7
    Snake:2 |    7636 |       0 |   0.0 |      18 |       0 |   0.0
    Snake:3 |   18989 |   11403 |  37.5 |      38 |      21 |  35.6
    Snake:4 |   14807 |   20489 |  58.0 |      33 |      35 |  51.5
      Orc:1 |    5155 |     584 |  10.2 |      31 |       4 |  11.4
      Orc:2 |    3233 |   17164 |  84.1 |      22 |      43 |  66.2
      Elf:1 |   19471 |   15377 |  44.1 |      31 |      21 |  40.4
      Elf:2 |   16330 |    9210 |  36.1 |      27 |      13 |  32.5
      Elf:3 |   12986 |   43451 |  77.0 |      22 |      40 |  64.5
   Vaults:1 |   32798 |   17868 |  35.3 |      46 |      24 |  34.3
   Vaults:2 |   21956 |   24604 |  52.8 |      30 |      30 |  50.0
   Vaults:3 |   34410 |   24827 |  41.9 |      56 |      40 |  41.7
   Vaults:4 |   15553 |    4632 |  22.9 |      22 |       8 |  26.7
   Vaults:5 |   19884 |  107111 |  84.3 |      30 |      96 |  76.2
   Depths:1 |   15121 |       0 |   0.0 |      15 |       0 |   0.0
   Depths:2 |   18811 |   35475 |  65.3 |      23 |      34 |  59.6
   Depths:3 |   34025 |   57186 |  62.7 |      37 |      48 |  56.5
   Depths:4 |   30948 |   12841 |  29.3 |      35 |      12 |  25.5
      Zot:1 |   36623 |   38809 |  51.4 |      35 |      41 |  53.9
      Zot:2 |   55112 |   13116 |  19.2 |      46 |       9 |  16.4
      Zot:3 |   37108 |   25283 |  40.5 |      33 |      23 |  41.1
      Zot:4 |   37632 |    4441 |  10.6 |      34 |       1 |   2.9
      Zot:5 |   31058 |  102795 |  76.8 |      23 |      40 |  63.5
      IceCv |       0 |    3723 | 100.0 |       0 |      28 | 100.0
   Gauntlet |       0 |    5262 | 100.0 |       0 |      14 | 100.0
            +---------+---------+-------+---------+---------+-------
